 Dungeon Crawl Stone Soup version 0.18-a0-1774-gce1f7b6 (webtiles) character file.

4578 M4edhros the Martial Artist (level 10, -26/56 HPs)
             Began as an Octopode Necromancer on Apr 15, 2016.
             Was an Elder of Cheibriados.
             Annihilated by a minotaur
             ... wielding a +0 demon blade of pain
              (37 damage)
             ... in a labyrinth.
             The game lasted 00:23:41 (4015 turns).

M4edhros the Martial Artist (Octopode Necromancer)  Turns: 4015, Time: 00:23:41

Health: -26/56     AC:  6    Str: 22    XL:     10   Next: 41%
Magic:  1/15       EV: 13    Int: 29    God:    Cheibriados [****..]
Gold:   361        SH:  0    Dex: 25    Spells: 4 memorised, 2 levels left

rFire  . . .     SeeInvis .       - Unarmed
rCold  . . .     Gourm    .     (no shield)
rNeg   . . .     Faith    .     (helmet restricted)
rPois  +         Spirit   .     (no amulet)
rElec  .         Dismiss  .     j - +5 ring of strength
rCorr  +         Reflect  .     m - ring of poison resistance
SustAt .         Harm     .     e - +5 ring of protection
MR     .....                    z - ring of resist corrosion
Stlth  ++++......               (no ring)
                                (no ring)
                                (no ring)
                                (no ring)

@: very slow, not resistant to hostile enchantments, stealthy
A: almost no armour, amphibious, 8 rings, constrict 8, tentacle spike 1,
camouflage 1, high mp 1, gelatinous body 1, no device heal 1, subdued magic 1
a: Bend Time, Temporal Distortion, Slouch, Renounce Religion


You were in a labyrinth.
You worshipped Cheibriados.
Cheibriados was greatly pleased with you.
You were very hungry.

You visited 1 branch of the dungeon, and saw 11 of its levels.
You also visited: Labyrinth.

You collected 459 gold pieces.
You spent 98 gold pieces at shops.

Inventory:

Hand Weapons
 t - the +5 hand axe of Sin {elec, -Tele rElec rN+}
   (You found it on level 4 of the Dungeon)

   Occasionally, upon striking a foe, it will discharge some electrical energy
   and cause terrible harm.
   It insulates you from electricity.
   It protects you from negative energy.
   It prevents most forms of teleportation.
 E - a +0 blowgun
 F - a +0 hunting sling
Missiles
 h - 117 stones (quivered)
 i - 7 javelins of returning
 C - 21 sling bullets
 D - 7 poisoned needles
Magical Staves
 x - an uncursed staff of summoning
Jewellery
 e - a +5 ring of protection (on tentacle)
 j - a +5 ring of strength (left tentacle)
 m - a ring of poison resistance (right tentacle)
 z - a ring of resist corrosion (on tentacle)
Wands
 b - a wand of slowing (18/48)
 r - a wand of polymorph (8/24)
 w - a wand of polymorph (9/24)
 A - a wand of slowing (6/48)
 B - a wand of polymorph (10/24)
Scrolls
 c - 2 scrolls of noise
 d - 4 scrolls of enchant armour
 f - 5 scrolls of remove curse
 o - 4 scrolls of teleportation
 v - a scroll of immolation
 y - a scroll of silence
Potions
 k - a potion of curing
 u - a potion of magic
Books
 a - a book of Necromancy

   Spells                             Type                      Level
   a - Pain                           Necromancy                   1
   b - Animate Skeleton               Necromancy                   1
   c - Vampiric Draining              Necromancy                   3
   d - Regeneration                   Charms/Necromancy            3
   e - Animate Dead                   Necromancy                   4
   f - Control Undead                 Necromancy                   4
 n - Ehafyob's Tome of Flames and Ice
   (You found it on level 8 of the Dungeon)

   Spells                             Type                      Level
   a - Flame Tongue                   Conjuration/Fire             1
   b - Throw Flame                    Conjuration/Fire             2
   c - Ensorcelled Hibernation        Hexes/Ice                    2
   d - Conjure Flame                  Conjuration/Fire             3
   e - Ice Form                       Ice/Transmutation            4
   f - Simulacrum                     Ice/Necromancy               6
 q - a book of Callings

   Spells                             Type                      Level
   a - Summon Small Mammal            Summoning                    1
   b - Call Imp                       Summoning                    2
   c - Call Canine Familiar           Summoning                    3
   d - Summon Guardian Golem          Hexes/Summoning              3
   e - Summon Lightning Spire         Summoning/Air                4
   f - Summon Ice Beast               Ice/Summoning                4
Comestibles
 l - 2 fruits


   Skills:
 + Level 2.0 Dodging
 - Level 2.6 Stealth
 - Level 11.5 Unarmed Combat
 * Level 2.0 Spellcasting
 - Level 4.0 Necromancy
 - Level 7.6 Air Magic
 - Level 5.2 Invocations


You had 2 spell levels left.
You knew the following spells:

 Your Spells              Type           Power        Failure   Level  Hunger
a - Pain                  Necr           ###.         1%          1    None
b - Regeneration          Chrm/Necr      ##........   10%         3    ###....
c - Summon Lightning Spi  Summ/Air       ###.....     17%         4    ####...
d - Conjure Flame         Conj/Fire      #.......     21%         3    ###....


Dungeon Overview and Level Annotations

Branches:
Dungeon (11/15)
 Temple: D:4-7         Lair: D:8-11         Orc: D:9-12

Altars:
Cheibriados
Dithmenos
Makhleb
Okawaru
Qazlal
Vehumet
Yredelemnul
Zin
The Shining One

Shops:
D:5 *

Annotations:
D:3 Grinder, Robin
D:5 exclusion: statue


Innate Abilities, Weirdness & Mutations

You cannot wear most types of armour.
You are amphibious.
You can wear up to eight rings at the same time.
You can use your tentacles to constrict eight enemies at once.
Your skin changes colour to match your surroundings (Stealth).
Your rubbery body absorbs attacks (AC +1).
One of your tentacles bears a spike.
You have an increased reservoir of magic (+10% MP).
Potions and wands are less effective at restoring your health.
Your spells are a little easier to cast, but a little less powerful.


Message History

Ouch! That really hurt!
* * * LOW HITPOINT WARNING * * *
You writhe in agony.
* * * LOW HITPOINT WARNING * * *
The minotaur closely misses you.
You tentacle-slap the minotaur but do no damage.
The minotaur blocks your attack.
You squeeze the minotaur, but do no damage.
The minotaur is severely wounded.
You constrict the minotaur, but do no damage.
Unknown command.
Unknown command.
You tentacle-slap the minotaur.
You pierce the minotaur, but do no damage.
You squeeze the minotaur!
The minotaur is severely wounded.
You constrict the minotaur, but do no damage.
The minotaur hits you with a demon blade of pain!!!
Ouch! That really hurt!
You die...

. #.# .# .. #. #..
.#.. # ...# .[#
##### #.. ..
=8:8.8#8##.#.##
......H@....... ##
รท8=8.8#.####...
.#########........
#.....
.......###.## ..
#...#...#...#
###.#.###.#.###
#...# ..#...#
#.###.#######
#.#...#


You could see a minotaur and a friendly lightning spire.

Vanquished Creatures
  Psyche (D:9)
  3 shadows (Lab)
  A basilisk (Lab)
  5 hungry ghosts
  A water moccasin (D:6)
  2 sky beasts
  A wasp (D:11)
  A phantom (D:7)
  A black bear (D:11)
  An ice beast (D:7)
  An ogre (D:7)
  A necrophage (D:9)
  7 centaurs
  2 giant frogs
  An earth elemental (Lab)
  6 killer bees (D:11)
  A wight (D:9)
  A spriggan skeleton (Lab)
  2 giant frog zombies
  4 crimson imps
  2 jellies
  An orc priest (D:7)
  4 hounds
  4 orc wizards
  2 centaur skeletons
  A gnoll shaman (D:7)
  Ijyb (D:3)
  An iguana (D:7)
  5 worker ants
  A killer bee zombie (D:7)
  A hound skeleton (D:5)
  2 howler monkey zombies
  3 gnolls (D:7)
  13 adders
  A shadow imp (D:5)
  2 oozes
  An adder skeleton (D:8)
  A dart slug (D:1)
  6 giant geckos
  7 orcs
  2 ball pythons
  3 bats
  9 giant cockroaches
  13 goblins
  11 hobgoblins
  17 jackals
  5 kobolds
  3 quokkas
  A giant cockroach zombie (D:5)
  6 giant newts
  2 quokka zombies
  3 rats
177 creatures vanquished.

Vanquished Creatures (others)
  A plant (Lab)
1 creature vanquished.

Grand Total: 178 creatures vanquished

Notes
Turn   | Place    | Note
--------------------------------------------------------------
     0 | D:1      | M4edhros the Octopode Necromancer began the quest for the Orb.
     0 | D:1      | Reached XP level 1. HP: 11/11 MP: 3/3
    90 | D:2      | Reached skill level 1 in Unarmed Combat
   139 | D:2      | Found a snail-covered altar of Cheibriados.
   145 | D:2      | Became a worshipper of Cheibriados the Contemplative
   156 | D:2      | Found a faded altar to an unknown god.
   166 | D:2      | Reached skill level 2 in Unarmed Combat
   166 | D:2      | Reached XP level 2. HP: 12/17 MP: 5/5
   310 | D:1      | Reached XP level 3. HP: 16/21 MP: 6/6
   366 | D:1      | Learned a level 3 spell: Regeneration
   438 | D:1      | Reached * piety under Cheibriados
   481 | D:1      | Reached skill level 3 in Unarmed Combat
   637 | D:1      | Reached XP level 4. HP: 23/27 MP: 4/7
   814 | D:2      | Reached skill level 4 in Unarmed Combat
   871 | D:2      | Reached ** piety under Cheibriados
  1133 | D:3      | Found a burning altar of Makhleb.
  1140 | D:3      | Found a glowing silver altar of Zin.
  1140 | D:3      | Noticed an angel
  1141 | D:3      | Noticed a green death
  1146 | D:3      | Reached XP level 5. HP: 23/31 MP: 8/8
  1213 | D:3      | Noticed Grinder
  1214 | D:3      | Noticed Robin
  1267 | D:3      | Noticed Ijyb
  1278 | D:3      | Killed Ijyb
  1278 | D:3      | Reached skill level 5 in Unarmed Combat
  1360 | D:4      | Found an iron altar of Okawaru.
  1453 | D:4      | Found a shadowy altar of Dithmenos.
  1477 | D:4      | Got a warped hand axe
  1478 | D:4      | Identified the +5 hand axe of Sin {elec, -Tele rElec rN+} (You found it on level 4 of the Dungeon)
  1485 | D:5      | Entered Level 5 of the Dungeon
  1494 | D:5      | Found Raiqu's Assorted Antiques.
  1500 | D:5      | Bought a lumpy white potion for 19 gold pieces
  1500 | D:5      | Bought a scroll labeled PASMAJ CUYBB for 22 gold pieces
  1500 | D:5      | Bought a fizzy grey potion for 19 gold pieces
  1500 | D:5      | Bought a fuming black potion for 19 gold pieces
  1500 | D:5      | Bought a purple potion for 19 gold pieces
  1504 | D:5      | Reached *** piety under Cheibriados
  1522 | D:5      | Found a stormy altar of Qazlal.
  1546 | D:5      | Reached XP level 6. HP: 22/36 MP: 9/9
  1566 | D:5      | Found a basalt altar of Yredelemnul.
  1707 | D:6      | Noticed a water moccasin
  1716 | D:6      | Killed a water moccasin
  1716 | D:6      | Reached skill level 6 in Unarmed Combat
  1748 | D:6      | Reached skill level 7 in Unarmed Combat
  1748 | D:6      | Reached XP level 7. HP: 5/41 MP: 5/10
  2106 | D:6      | Reached skill level 1 in Invocations
  2209 | D:7      | Reached **** piety under Cheibriados
  2354 | D:5      | Reached skill level 8 in Unarmed Combat
  2423 | D:5      | Reached XP level 8. HP: 46/46 MP: 11/11
  2427 | D:5      | Found a radiant altar of Vehumet.
  2565 | D:7      | Reached ***** piety under Cheibriados
  2663 | D:7      | Learned a level 4 spell: Summon Lightning Spire
  2676 | D:7      | Reached skill level 5 in Invocations
  2725 | D:7      | Reached skill level 9 in Unarmed Combat
  2732 | D:7      | Found a glowing golden altar of the Shining One.
  2812 | D:7      | Reached skill level 1 in Air Magic
  2981 | D:8      | Reached XP level 9. HP: 34/51 MP: 8/12
  3012 | D:8      | Gained mutation: You have an increased reservoir of magic (+10% MP). [mutagenic meat]
  3013 | D:8      | Gained mutation: One of your tentacles bears a spike. [mutagenic meat]
  3014 | D:8      | Gained mutation: Potions and wands are less effective at restoring your health. [mutagenic meat]
  3015 | D:8      | Gained mutation: Your spells are a little easier to cast, but a little less powerful. [mutagenic meat]
  3119 | D:8      | Identified Ehafyob's Tome of Flames and Ice
  3126 | D:8      | Learned a level 3 spell: Conjure Flame
  3177 | D:9      | Noticed Psyche
  3186 | D:9      | Killed Psyche
  3186 | D:9      | Reached skill level 10 in Unarmed Combat
  3265 | D:10     | Entered Level 10 of the Dungeon
  3365 | D:11     | Noticed a komodo dragon
  3365 | D:11     | Noticed a brown ugly thing
  3424 | D:11     | Reached skill level 5 in Air Magic
  3503 | D:11     | Noticed a cyclops
  3632 | D:11     | Found a labyrinth entrance.
  3634 | D:11     | Reached XP level 10. HP: 29/56 MP: 15/15
  3642 | Lab      | Entered a labyrinth
  3786 | Lab      | Reached skill level 11 in Unarmed Combat
  4008 | Lab      | Noticed a minotaur
  4015 | Lab      | Annihilated by a minotaur

Vault maps used:
D:1:      roderic_crossed_star, st_stairs_8
D:2:      lemuel_crystal_altar, ecumenical_altar_2
D:3:      grunt_temple_overflow_order_and_chaos_2, grunt_pakellas_sulfur,
          uniq_robin, uniq_grinder, uniq_iyjb, uniq_jessica
D:4:      kennysheep_okawaru_gauntlet, temple_doors_b, first_bread,
          grunt_dithmenos_smoke_and_mirrors
D:5:      kennysheep_ying_yang, lemuel_crystal_altar, vehumet_statue,
          serial_shops, shop, basic_altar, minivault_27
D:7:      nicolae_tso_swordbearing_angel
D:8:      grunt_temple_overflow_open, hangedman_pestilent_swarm
D:9:      xom_teletrap_fun, serial_undead, serial_undead_a, serial_undead_c,
          serial_undead_f, serial_undead_c, serial_undead_f, serial_undead_a,
          minmay_misc_feat_ornament, uniq_psyche
D:11:     minmay_lair_entry_lava, lab_entry_generic, kennysheep_generic_room_7
Lab:      nicolae_lab_dead_adventurers, nicolae_lab_grate_2, lab_fountain,
          nicolae_lab_t_cross, nicolae_lab_x, lab_hedge, nicolae_lab_dead_end,
          nicolae_lab_arrow, nicolae_lab_hexagon, nicolae_lab_garden,
          labyrinth_skeletal_remains, nicolae_lab_very_dead_end,
          nicolae_lab_starburst, nicolae_lab_blocks, nicolae_lab_do_over,
          nicolae_lab_stuck

Skill      XL: |  1  2  3  4  5  6  7  8  9 10 |
---------------+-------------------------------+-----
Unarmed Combat | 2 3 4 5 7 8 9 10 11 | 11.5
Invocations    | 3 5 |  5.2
Air Magic      | 3 6 7 |  7.6
Dodging        | |  2.0
Stealth        | |  2.6
Spellcasting   | |  2.0
Necromancy     | |  4.0

Action                   |  1- 3 |  4- 6 |  7- 9 | 10-12 || total
-------------------------+-------+-------+-------+-------++-------
Melee: Unarmed           |    38 |    51 |   189 |    49 ||   327
       Constrict         |    11 |    15 |    45 |     3 ||    74
       Tentacles         |     9 |     9 |    59 |    17 ||    94
       Punch             |       |     3 |    17 |     9 ||    29
       Hand axe          |       |    20 |       |       ||    20
       Kick              |       |       |    36 |    27 ||    63
 Fire: Shortbow          |       |       |     4 |       ||     4
       Hunting sling     |       |       |    13 |     2 ||    15
 Cast: Pain              |    28 |    41 |    22 |       ||    91
       Regeneration      |     2 |     5 |    16 |     8 ||    31
       Summon Lightning  |       |       |       |     1 ||     1
Invok: Slouch            |       |       |     1 |     4 ||     5
Evoke: Wand              |       |       |     1 |     4 ||     5
  Use: Potion            |     2 |     4 |     2 |     1 ||     9
       Scroll            |     1 |    11 |     8 |     3 ||    23
 Stab: Sleeping          |     3 |     5 |    13 |     1 ||    22
       Distracted        |       |       |     1 |       ||     1
  Eat: Chunk             |       |     3 |     9 |     2 ||    14
       Bread ration      |       |       |     1 |     1 ||     2
       Fruit             |       |       |       |     3 ||     3
       Pizza             |       |       |       |     1 ||     1
       Beef jerky        |       |       |       |     1 ||     1
Armor: Skin              |     3 |    15 |    52 |    13 ||    83
Dodge: Dodged            |    20 |    46 |   119 |    18 ||   203
